| TOP OF THE 1ST |
|
Bluefield Blue Jays batting - Pitching for Seattle (APP) Mariners : RHP Jose Lomas
|
|
Pitching: RHP Jose Lomas
|
|
|
Batting: RHB Stephen Casteel
|
0-0: Ball 1-0: Called Strike 1-1: Swinging Strike 1-2: Ball 2-2: Foul Ball, location: 2F 2-2: Ball 3-2: Base on Balls
|
|
Batting: RHB Mike Johnson
|
0-0: Called Strike Stephen Casteel steals 2nd, throwing error, E2 Stephen Casteel to third 0-1: Called Strike 0-2: Ground out 6-3 (Groundball, 6, EV 94.4 MPH) Stephen Casteel scores
|
|
Batting: RHB Bill Murray
|
0-0: Ball 1-0: Swinging Strike 1-1: Hit by Pitch
|
|
Batting: LHB Eric Toney
|
0-0: Called Strike 0-1: Called Strike Bill Murray steals 2nd base 0-2: Ball 1-2: Foul Ball, location: 2F 1-2: Foul Ball, location: 2F 1-2: Foul Ball, location: 2F 1-2: Ball 2-2: Foul Ball, location: 2F 2-2: Ball 3-2: Foul Ball, location: 2F 3-2: DOUBLE (Groundball, 3L, EV 96.9 MPH) Bill Murray scores
|
|
Batting: LHB Kurt Estep
|
0-0: Swinging Strike 0-1: Foul Ball, location: 2F 0-2: Ball 1-2: Strikes out swinging
|
|
Batting: SHB Dominik Hasek II
|
0-0: Fly out, F8 (Flyball, 8LM, EV 86.9 MPH)
|
| Top of the 1st over - 2 runs, 1 hit, 1 error, 1 left on base; Bluefield 2 - Seattle (APP) 0 |
| BOTTOM OF THE 1ST |
|
Seattle (APP) Mariners batting - Pitching for Bluefield Blue Jays : LHP Mitchel Larson
|
|
Pitching: LHP Mitchel Larson
|
|
|
Batting: RHB Heihachiro Fujita
|
0-0: Called Strike 0-1: Ball 1-1: Foul Ball, location: 2F 1-2: Ball 2-2: Ground out U3 (Groundball, 34, EV 102.5 MPH)
|
|
Batting: RHB John Vasquez
|
0-0: Called Strike 0-1: Ball 1-1: Swinging Strike 1-2: Ball 2-2: Ball 3-2: Strikes out swinging
|
|
Batting: SHB Carlos Luna
|
0-0: Ball 1-0: Called Strike 1-1: Ground out 6-3 (Groundball, P, EV 89.4 MPH)
|
| Bottom of the 1st over - 0 runs, 0 hits, 0 errors, 0 left on base; Bluefield 2 - Seattle (APP) 0 |
| TOP OF THE 2ND |
|
Bluefield Blue Jays batting - Pitching for Seattle (APP) Mariners : RHP Jose Lomas
|
|
Batting: RHB Dan Muns
|
0-0: Foul Ball, location: 2F 0-1: Swinging Strike 0-2: Ball 1-2: Ball 2-2: Ball 3-2: Foul Ball, location: 2F 3-2: Fly out, F9 (Flyball, 89M, EV 96.9 MPH)
|
|
Batting: RHB Braydon Pinsent
|
0-0: SOLO HOME RUN (Flyball, 9D, EV 95.6 MPH), Distance : 365 ft
|
|
Batting: RHB Shunsuke Shiba Inu
|
0-0: Ball 1-0: Called Strike 1-1: Foul Ball, location: 2F 1-2: Strikes out swinging
|
|
Batting: RHB Stephen Casteel
|
0-0: Foul Ball, location: 2F 0-1: Ball 1-1: Ball 2-1: Swinging Strike 2-2: Ground out 1-3 (Groundball, 13, EV 68.1 MPH)
|
| Top of the 2nd over - 1 run, 1 hit, 0 errors, 0 left on base; Bluefield 3 - Seattle (APP) 0 |
| BOTTOM OF THE 2ND |
|
Seattle (APP) Mariners batting - Pitching for Bluefield Blue Jays : LHP Mitchel Larson
|
|
Batting: RHB Ivan Davila
|
0-0: Called Strike 0-1: Swinging Strike 0-2: Ball 1-2: Ball 2-2: Ball 3-2: Strikes out looking
|
|
Batting: RHB Danny Pujols
|
0-0: Called Strike 0-1: Foul Ball, location: 2F 0-2: Strikes out swinging
|
|
Batting: RHB Kinzo Yokoyama
|
0-0: Fly out, F9 (Flyball, 9, EV 95.0 MPH)
|
| Bottom of the 2nd over - 0 runs, 0 hits, 0 errors, 0 left on base; Bluefield 3 - Seattle (APP) 0 |
| TOP OF THE 3RD |
|
Bluefield Blue Jays batting - Pitching for Seattle (APP) Mariners : RHP Jose Lomas
|
|
Batting: RHB Mike Johnson
|
0-0: Called Strike 0-1: DOUBLE (Line Drive, 3D, EV 103.1 MPH)
|
|
Batting: RHB Bill Murray
|
0-0: Called Strike 0-1: Called Strike 0-2: Ball 1-2: DOUBLE (Flyball, 78XD, EV 112.5 MPH) Mike Johnson scores
|
|
Batting: LHB Eric Toney
|
0-0: Ball 1-0: Foul Ball, location: 2F 1-1: Swinging Strike 1-2: Foul Ball, location: 2F 1-2: Strikes out swinging
|
|
Batting: LHB Kurt Estep
|
0-0: Fly out, F8 (Flyball, 8LD, EV 75.6 MPH)
|
|
Batting: SHB Dominik Hasek II
|
0-0: Fly out, F8 (Line Drive, 8RD, EV 93.8 MPH)
|
| Top of the 3rd over - 1 run, 2 hits, 0 errors, 1 left on base; Bluefield 4 - Seattle (APP) 0 |
| BOTTOM OF THE 3RD |
|
Seattle (APP) Mariners batting - Pitching for Bluefield Blue Jays : LHP Mitchel Larson
|
|
Batting: RHB Jim Begger
|
0-0: Swinging Strike 0-1: Ground out 6-3 (Groundball, 6M, EV 87.5 MPH)
|
|
Batting: RHB David Greene
|
0-0: Called Strike 0-1: DOUBLE (Groundball, 3L, EV 95.6 MPH)
|
|
Batting: RHB Jwahir Pili
|
0-0: Called Strike David Greene is caught stealing 3rd base 2-5 0-1: Ball 1-1: Ball 2-1: Called Strike 2-2: Ball 3-2: SINGLE (Groundball, 56D, EV 106.2 MPH)
|
|
Batting: RHB Heihachiro Fujita
|
0-0: Ball 1-0: Fielders Choice at 2nd, 5-4 (Groundball, 56, EV 87.5 MPH)
|
| Bottom of the 3rd over - 0 runs, 2 hits, 0 errors, 1 left on base; Bluefield 4 - Seattle (APP) 0 |
| TOP OF THE 4TH |
|
Bluefield Blue Jays batting - Pitching for Seattle (APP) Mariners : RHP Jose Lomas
|
|
Batting: RHB Dan Muns
|
0-0: Called Strike 0-1: Ball 1-1: Ball 2-1: Fly out, F2 (Popup, 5SF, EV 76.2 MPH)
|
|
Batting: RHB Braydon Pinsent
|
0-0: Foul Ball, location: 2F 0-1: Foul Ball, location: 2F 0-2: SINGLE (Groundball, 6MD, EV 96.2 MPH)
|
|
Batting: RHB Shunsuke Shiba Inu
|
0-0: Called Strike Braydon Pinsent steals 2nd base 0-1: Ground out 4-3 (Groundball, 4M, EV 84.4 MPH) Braydon Pinsent to third
|
|
Batting: RHB Stephen Casteel
|
0-0: Foul Ball, location: 2F 0-1: Ground out 3-1 (Groundball, 34, EV 98.1 MPH)
|
| Top of the 4th over - 0 runs, 1 hit, 0 errors, 1 left on base; Bluefield 4 - Seattle (APP) 0 |
| BOTTOM OF THE 4TH |
|
Seattle (APP) Mariners batting - Pitching for Bluefield Blue Jays : LHP Mitchel Larson
|
|
Batting: RHB John Vasquez
|
0-0: Ball 1-0: Called Strike 1-1: Ball 2-1: Ball 3-1: Fly out, F9 (Flyball, 89M, EV 72.5 MPH)
|
|
Batting: SHB Carlos Luna
|
0-0: Ball 1-0: SINGLE (Groundball, 6MD, EV 94.4 MPH)
|
|
Batting: RHB Ivan Davila
|
0-0: Called Strike 0-1: DOUBLE (Groundball, 5L, EV 104.4 MPH) Carlos Luna to third
|
|
Batting: RHB Danny Pujols
|
0-0: Swinging Strike 0-1: Swinging Strike 0-2: Ball 1-2: Foul Ball, location: 2F 1-2: Ball 2-2: Strikes out swinging
|
|
Batting: RHB Kinzo Yokoyama
|
0-0: Called Strike 0-1: Ball 1-1: SINGLE (Groundball, 56S, EV 66.9 MPH) (infield hit) Carlos Luna scores Ivan Davila to third
|
|
Batting: RHB Jim Begger
|
0-0: Called Strike 0-1: Fielders Choice at 2nd, 5-4 (Groundball, 56, EV 92.5 MPH)
|
| Bottom of the 4th over - 1 run, 3 hits, 0 errors, 2 left on base; Bluefield 4 - Seattle (APP) 1 |
| TOP OF THE 5TH |
|
Bluefield Blue Jays batting - Pitching for Seattle (APP) Mariners : RHP Jose Lomas
|
|
Batting: RHB Mike Johnson
|
0-0: Called Strike 0-1: Ball 1-1: Ball 2-1: Fly out, F4 (Line Drive, 4, EV 61.9 MPH)
|
|
Batting: RHB Bill Murray
|
0-0: Ball 1-0: Ball 2-0: SINGLE (Groundball, 5S, EV 66.2 MPH) (infield hit)
|
|
Batting: LHB Eric Toney
|
0-0: Called Strike 0-1: Swinging Strike 0-2: SINGLE (Line Drive, 3D, EV 96.9 MPH) Bill Murray to second Runner from 2nd tries for 3rd, SAFE, throw by RF made to third
|
|
Batting: LHB Kurt Estep
|
0-0: Called Strike 0-1: Ball 1-1: Swinging Strike 1-2: Fly out, F7 (Line Drive, 7S, EV 105.6 MPH)
|
|
Batting: SHB Dominik Hasek II
|
0-0: Foul Ball, location: 2F 0-1: Foul Ball, location: 2F 0-2: Foul Ball, location: 2F 0-2: Ball 1-2: Ball 2-2: Ball 3-2: Strikes out looking
|
| Top of the 5th over - 0 runs, 2 hits, 0 errors, 2 left on base; Bluefield 4 - Seattle (APP) 1 |
| BOTTOM OF THE 5TH |
|
Seattle (APP) Mariners batting - Pitching for Bluefield Blue Jays : LHP Mitchel Larson
|
|
Batting: RHB David Greene
|
0-0: Foul Ball, location: 2F 0-1: Foul Ball, location: 2F 0-2: Ball 1-2: Strikes out swinging
|
|
Batting: RHB Jwahir Pili
|
0-0: SINGLE (Groundball, 34D, EV 101.9 MPH)
|
|
Batting: RHB Heihachiro Fujita
|
0-0: Called Strike Jwahir Pili steals 2nd base (no throw) 0-1: Called Strike Jwahir Pili is caught stealing 3rd base 2-5 0-2: Ball 1-2: Ball 2-2: Strikes out swinging
|
| Bottom of the 5th over - 0 runs, 1 hit, 0 errors, 0 left on base; Bluefield 4 - Seattle (APP) 1 |
| TOP OF THE 6TH |
|
Bluefield Blue Jays batting - Pitching for Seattle (APP) Mariners : RHP Jose Lomas
|
|
Pitching: RHP Frank Cabrera
|
|
|
Batting: RHB Dan Muns
|
0-0: Ball 1-0: Called Strike 1-1: Ball 2-1: Ball 3-1: Foul Ball, location: 2F 3-2: Foul Ball, location: 2F 3-2: Base on Balls
|
|
Batting: RHB Braydon Pinsent
|
0-0: Ball 1-0: Foul Ball, location: 2F 1-1: Foul Ball, location: 2F 1-2: Foul Ball, location: 2F 1-2: Ball 2-2: Foul Ball, location: 2F 2-2: Fly out, F8 (Flyball, 8LXD, EV 102.5 MPH)
|
|
Batting: RHB Shunsuke Shiba Inu
|
0-0: Ball Dan Muns steals 2nd base 1-0: Ball 2-0: Foul Ball, location: 2F 2-1: Called Strike 2-2: Ball 3-2: Base on Balls
|
|
Batting: RHB Stephen Casteel
|
0-0: Foul Ball, location: 2F 0-1: Called Strike 0-2: Ball 1-2: Foul Ball, location: 2F 1-2: DOUBLE (Line Drive, 9LM, EV 101.9 MPH) Dan Muns scores Shunsuke Shiba Inu to third
|
|
Batting: RHB Mike Johnson
|
0-0: Called Strike 0-1: Ball 1-1: Ball 2-1: Reached via error on a dropped throw from SS, E3 (Groundball, 6, EV 104.4 MPH) Shunsuke Shiba Inu scores Stephen Casteel to third
|
|
Batting: RHB Bill Murray
|
0-0: Ball 1-0: Foul Ball, location: 2F 1-1: Called Strike 1-2: Ball Wild Pitch! Stephen Casteel scores Mike Johnson to second 2-2: DOUBLE (Groundball, 5L, EV 103.1 MPH) Mike Johnson scores
|
|
Batting: LHB Eric Toney
|
0-0: Ball 1-0: Fly out, F8 (Flyball, 78D, EV 98.1 MPH)
|
|
Batting: LHB Kurt Estep
|
0-0: Ball 1-0: Ball Passed Ball! Bill Murray to third 2-0: Foul Ball, location: 2F 2-1: Swinging Strike 2-2: Strikes out looking
|
| Top of the 6th over - 4 runs, 2 hits, 1 error, 1 left on base; Bluefield 8 - Seattle (APP) 1 |
| BOTTOM OF THE 6TH |
|
Seattle (APP) Mariners batting - Pitching for Bluefield Blue Jays : LHP Mitchel Larson
|
|
Batting: RHB John Vasquez
|
0-0: Swinging Strike 0-1: Ground out 5-3 (Groundball, 5L, EV 101.9 MPH)
|
|
Batting: SHB Carlos Luna
|
0-0: Ball 1-0: Ball 2-0: Foul Ball, location: 2F 2-1: DOUBLE (Groundball, 5L, EV 106.9 MPH)
|
|
Batting: RHB Ivan Davila
|
0-0: Ball 1-0: Foul Ball, location: 2F 1-1: Ball 2-1: Foul Ball, location: 2F 2-2: Foul Ball, location: 2F 2-2: Foul Ball, location: 2F 2-2: Ball 3-2: Base on Balls
|
|
Batting: RHB Danny Pujols
|
0-0: Called Strike 0-1: Called Strike 0-2: Ball 1-2: Strikes out looking
|
|
Batting: RHB Kinzo Yokoyama
|
0-0: Ball 1-0: Foul Ball, location: 2F 1-1: Ball 2-1: Swinging Strike 2-2: Strikes out swinging
|
| Bottom of the 6th over - 0 runs, 1 hit, 0 errors, 2 left on base; Bluefield 8 - Seattle (APP) 1 |
| TOP OF THE 7TH |
|
Bluefield Blue Jays batting - Pitching for Seattle (APP) Mariners : RHP Frank Cabrera
|
|
Batting: SHB Dominik Hasek II
|
0-0: Ball 1-0: Ball 2-0: Swinging Strike 2-1: Called Strike 2-2: Foul Ball, location: 2F 2-2: TRIPLE (Line Drive, 78XD, EV 103.1 MPH)
|
|
Pitching: RHP Ramon Pedroza
|
|
|
Batting: RHB Dan Muns
|
0-0: Ball 1-0: Ball 2-0: Ball 3-0: Called Strike 3-1: Swinging Strike 3-2: Ground out 6-3 (Groundball, 6, EV 107.5 MPH) Dominik Hasek II scores
|
|
Batting: RHB Braydon Pinsent
|
0-0: Swinging Strike 0-1: Ball 1-1: SINGLE (Flyball, 89S, EV 93.1 MPH)
|
|
Batting: RHB Shunsuke Shiba Inu
|
0-0: Ball 1-0: Called Strike 1-1: Foul Ball, location: 2F 1-2: Ball 2-2: Strikes out swinging
|
|
Batting: RHB Stephen Casteel
|
0-0: SINGLE (Flyball, 7LS, EV 101.2 MPH) Braydon Pinsent to second
|
|
Batting: RHB Mike Johnson
|
0-0: Foul Ball, location: 2F 0-1: Ball 1-1: Foul Ball, location: 2F 1-2: Fly out, F9 (Flyball, 9, EV 91.2 MPH)
|
| Top of the 7th over - 1 run, 3 hits, 0 errors, 2 left on base; Bluefield 9 - Seattle (APP) 1 |
| BOTTOM OF THE 7TH |
|
Seattle (APP) Mariners batting - Pitching for Bluefield Blue Jays : LHP Mitchel Larson
|
|
Batting: RHB Jim Begger
|
0-0: Ball 1-0: Called Strike 1-1: Ball 2-1: Ball 3-1: Swinging Strike 3-2: Strikes out looking
|
|
Batting: RHB David Greene
|
0-0: Foul Ball, location: 2F 0-1: Called Strike 0-2: Ground out 5-3 (Groundball, 56S, EV 72.5 MPH)
|
|
Batting: RHB Jwahir Pili
|
0-0: Ball 1-0: SINGLE (Line Drive, 6D, EV 103.1 MPH)
|
|
Pitching: RHP Tim Donovan
|
|
|
Batting: RHB Heihachiro Fujita
|
0-0: Ball 1-0: Ball Wild Pitch! Jwahir Pili to second 2-0: Ball 3-0: Base on Balls
|
|
Batting: RHB John Vasquez
|
0-0: SINGLE (Line Drive, 9LS, EV 96.2 MPH) Jwahir Pili to third Heihachiro Fujita to second Runner from 3rd tries for Home, SAFE, throw by RF to home
|
|
Batting: SHB Carlos Luna
|
0-0: Ball 1-0: DOUBLE (Groundball, 5L, EV 101.9 MPH) Heihachiro Fujita scores John Vasquez to third Runner from 3rd tries for Home, SAFE, throw by LF to home
|
|
Batting: RHB Ivan Davila
|
0-0: Foul Ball, location: 2F 0-1: Ground out 5-3 (Groundball, 56S, EV 82.5 MPH)
|
| Bottom of the 7th over - 3 runs, 3 hits, 0 errors, 1 left on base; Bluefield 9 - Seattle (APP) 4 |
| TOP OF THE 8TH |
|
Bluefield Blue Jays batting - Pitching for Seattle (APP) Mariners : RHP Ramon Pedroza
|
|
Pitching: RHP Rickey DuMire
|
|
|
Batting: RHB Bill Murray
|
0-0: Called Strike 0-1: Ball 1-1: Ball 2-1: Swinging Strike 2-2: Fly out, F9 (Line Drive, 9S, EV 92.5 MPH)
|
|
Batting: LHB Eric Toney
|
0-0: Ball 1-0: Ball 2-0: Ball 3-0: Base on Balls
|
|
Batting: LHB Kurt Estep
|
0-0: Called Strike 0-1: Ball 1-1: Ball 2-1: Foul Ball, location: 2F 2-2: Ball 3-2: Base on Balls Eric Toney to second
|
|
Batting: SHB Dominik Hasek II
|
0-0: Called Strike 0-1: Fielders Choice at 2nd, 4-6 (Groundball, 34, EV 86.2 MPH) Eric Toney to third
|
|
Batting: RHB Dan Muns
|
0-0: Called Strike 0-1: Ball 1-1: Ball 2-1: Fly out, F8 (Flyball, 8LXD, EV 85.0 MPH)
|
| Top of the 8th over - 0 runs, 0 hits, 0 errors, 2 left on base; Bluefield 9 - Seattle (APP) 4 |
| BOTTOM OF THE 8TH |
|
Seattle (APP) Mariners batting - Pitching for Bluefield Blue Jays : RHP Tim Donovan
|
|
Batting: RHB Danny Pujols
|
0-0: Ball 1-0: Fly out, F8 (Line Drive, 89M, EV 89.4 MPH)
|
|
Batting: RHB Kinzo Yokoyama
|
0-0: Called Strike 0-1: Fly out, F7 (Flyball, 78M, EV 80.0 MPH)
|
|
Batting: RHB Jim Begger
|
0-0: Reached on error, E5 (Groundball, 56, EV 86.2 MPH)
|
|
Batting: RHB David Greene
|
0-0: Ball 1-0: Fly out, F9 (Line Drive, 9S, EV 91.9 MPH)
|
| Bottom of the 8th over - 0 runs, 0 hits, 1 error, 1 left on base; Bluefield 9 - Seattle (APP) 4 |
| TOP OF THE 9TH |
|
Bluefield Blue Jays batting - Pitching for Seattle (APP) Mariners : RHP Rickey DuMire
|
|
Pitching: LHP Chris Wheeler
|
|
|
Batting: RHB Braydon Pinsent
|
0-0: Ball 1-0: Ball 2-0: SINGLE (Line Drive, 6MD, EV 105.6 MPH)
|
|
Batting: RHB Shunsuke Shiba Inu
|
|
|
DELAY
|
Rain delay of 30 minutes in the 9th inning. 0-0: Called Strike 0-1: Ball 1-1: Ball 2-1: Ball 3-1: Base on Balls Braydon Pinsent to second
|
|
Batting: RHB Stephen Casteel
|
0-0: Ball 1-0: SINGLE (Line Drive, 9S, EV 99.4 MPH) Braydon Pinsent to third Shunsuke Shiba Inu to second Runner from 3rd tries for Home, throw by RF and OUT! 9-2
|
|
Batting: RHB Mike Johnson
|
0-0: Called Strike 0-1: Swinging Strike 0-2: Foul Ball, location: 2F 0-2: Ball 1-2: Foul Ball, location: 2F 1-2: DOUBLE (Line Drive, 78D, EV 107.5 MPH) Shunsuke Shiba Inu scores Stephen Casteel to third
|
|
Batting: RHB Bill Murray
|
0-0: Swinging Strike 0-1: Ball 1-1: Ball 2-1: Swinging Strike 2-2: Ball 3-2: 3-RUN HOME RUN (Flyball, 7LD, EV 93.1 MPH), Distance : 346 ft
|
|
Pitching: RHP Bill Porter
|
|
|
Batting: LHB Eric Toney
|
0-0: Called Strike 0-1: Ball 1-1: Ball 2-1: DOUBLE (Flyball, 9LM, EV 113.1 MPH)
|
|
Pinch Hitting: RHB Carlos Bravo
|
0-0: Ball 1-0: Ball 2-0: Ball 3-0: Base on Balls
|
|
Batting: SHB Dominik Hasek II
|
0-0: Ball 1-0: Called Strike 1-1: Ball 2-1: Swinging Strike 2-2: Foul Ball, location: 2F 2-2: Strikes out swinging
|
|
Batting: RHB Dan Muns
|
0-0: Called Strike 0-1: Ball 1-1: Ball 2-1: Ball 3-1: Called Strike 3-2: Base on Balls Eric Toney to third Carlos Bravo to second
|
|
Pitching: RHP Dave Williams
|
|
|
Batting: RHB Braydon Pinsent
|
0-0: DOUBLE (Line Drive, 9LS, EV 93.8 MPH) Eric Toney scores Carlos Bravo scores Dan Muns to third
|
|
Batting: RHB Shunsuke Shiba Inu
|
0-0: Ball 1-0: Ball 2-0: Called Strike 2-1: Ball 3-1: Base on Balls
|
|
Batting: RHB Stephen Casteel
|
0-0: Ball 1-0: Fielders Choice at 2nd, 6-4 (Groundball, 56, EV 96.9 MPH)
|
| Top of the 9th over - 6 runs, 6 hits, 0 errors, 3 left on base; Bluefield 15 - Seattle (APP) 4 |
| BOTTOM OF THE 9TH |
|
Seattle (APP) Mariners batting - Pitching for Bluefield Blue Jays : RHP Tim Donovan
|
|
Now in RF: Carlos Bravo
|
|
|
Batting: RHB Jwahir Pili
|
0-0: Ball 1-0: Called Strike 1-1: Foul Ball, location: 2F 1-2: Foul Ball, location: 2F 1-2: Foul Ball, location: 2F 1-2: Strikes out looking
|
|
Batting: RHB Heihachiro Fujita
|
0-0: Foul Ball, location: 2F 0-1: Swinging Strike 0-2: Ball 1-2: Strikes out swinging
|
|
Batting: RHB John Vasquez
|
0-0: Ball 1-0: Swinging Strike 1-1: Swinging Strike 1-2: Ball 2-2: Foul Ball, location: 2F 2-2: SINGLE (Groundball, 6MD, EV 105.0 MPH)
|
|
Batting: SHB Carlos Luna
|
0-0: Called Strike 0-1: Swinging Strike 0-2: Ball 1-2: Strikes out swinging
|
| Bottom of the 9th over - 0 runs, 1 hit, 0 errors, 1 left on base; Bluefield 15 - Seattle (APP) 4 |
|